Map: Pillars of Gold LE

Players

goblin - Winner!

  • Race: Protoss Protoss
  • League: Master
  • Spawn Location: 7:00

Lambo

  • Race: Zerg Zerg
  • League: Master
  • Spawn Location: 1:00

Event: DreamHack SC2 Masters 2020 Winter

VOD

Have the link to the VOD?

Description

Time

  • Played on: Nov. 1, 2020, 12:16 p.m.
  • Length: 15:56

All games in this series

Show
View Real Time Build Order
Export as new Build Order

goblin Protoss - Winner!

Build Orders: Carriers, Mass Phoenix 

Get SALT Encoding   

  12  0:00  Probe  
  13  0:12  Probe  
  14  0:20  Pylon  
  14  0:24  Probe (Chrono Boost)  
  15  0:39  Probe (Chrono Boost)  
  16  0:45  Probe (Chrono Boost)  
  17  0:54  Probe  
  18  1:06  Probe  
  19  1:12  Nexus  
  19  1:19  Gateway  
  19  1:25  Assimilator, Probe  
  20  1:31  Assimilator  
  20  1:37  Probe (Chrono Boost)  
  21  1:40  Pylon  
  21  1:49  Probe (Chrono Boost)  
  22  1:57  Probe (Chrono Boost)  
  23  2:04  Probe  
  23  2:06  Cybernetics Core  
  24  2:10  Zealot  
  26  2:16  Probe (Chrono Boost)  
  27  2:25  Probe (Chrono Boost)  
  27  2:28  Probe (Chrono Boost)  
  29  2:34  Probe (Chrono Boost)  
  29  2:35  Probe (Chrono Boost)  
  31  2:39  Probe (Chrono Boost)  
  31  2:40  Gateway  
  32  2:45  Probe  
  33  2:52  Stargate  
  33  2:54  Probe  
  33  2:57  Probe  
  35  3:01  Stalker  
  35  3:04  Warp Gate  
  37  3:06  Probe (Chrono Boost)  
  39  3:14  Pylon, Probe (Chrono Boost)  
  39  3:18  Probe (Chrono Boost)  
  40  3:23  Assimilator, Probe x2 (Chrono Boost)  
  42  3:27  Assimilator  
  42  3:29  Void Ray  
  43  3:36  Probe (Chrono Boost)  
  43  3:37  Probe (Chrono Boost)  
  48  3:46  Stargate  
  49  3:48  Probe x2 (Chrono Boost)  
  49  3:49  Pylon  
  50  3:57  Probe  
  50  3:58  Probe  
  52  4:07  Stargate  
  53  4:10  Probe x2  
  53  4:11  Phoenix (Chrono Boost)  
  53  4:14  Pylon  
  56  4:22  Adept  
  58  4:31  Phoenix (Chrono Boost)  
  62  4:34  Phoenix (Chrono Boost)  
  62  4:42  Pylon  
  62  4:48  Phoenix (Chrono Boost)  
  64  4:54  Phoenix  
  64  4:58  Zealot  
  64  4:59  Protoss Air Weapons Level 1  
  68  5:03  Phoenix  
  70  5:13  Phoenix  
  72  5:15  Nexus  
  72  5:16  Pylon  
  72  5:24  Phoenix  
  72  5:26  Probe x2  
  76  5:30  Pylon  
  76  5:31  Phoenix  
  76  5:35  Assimilator  
  78  5:37  Shield Battery  
  78  5:40  Phoenix  
  80  5:46  Probe x2  
  80  5:47  Assimilator  
  82  5:54  Phoenix  
  84  6:03  Twilight Council, Probe x2 (Chrono Boost)  
  86  6:05  Pylon  
  86  6:09  Phoenix  
  88  6:13  Probe (Chrono Boost)  
  88  6:17  Probe (Chrono Boost)  
  88  6:18  Phoenix, Probe (Chrono Boost)  
  89  6:28  Phoenix  
  92  6:33  Probe (Chrono Boost)  
  92  6:36  Probe x2 (Chrono Boost)  
  94  6:41  Charge  
  94  6:44  Probe (Chrono Boost)  
  94  6:45  Gateway  
  94  6:46  Probe (Chrono Boost)  
  97  6:48  Phoenix, Gateway, Probe (Chrono Boost)  
  97  6:49  Probe (Chrono Boost)  
  97  6:52  Phoenix  
  102  6:57  Pylon, Probe  
  102  6:59  Probe  
  102  7:00  Probe  
  105  7:06  Pylon  
  105  7:09  Phoenix, Probe  
  108  7:19  Templar Archives  
  108  7:35  Phoenix  
  108  7:36  Zealot x2  
  112  7:42  Gateway  
  112  7:44  Phoenix x2  
  112  7:45  Psionic Storm  
  112  7:46  Gateway  
  112  7:49  Pylon  
  116  7:56  Zealot  
  116  7:57  High Templar  
  118  8:00  Phoenix  
  120  8:10  High Templar  
  120  8:21  High Templar  
  120  8:23  Zealot  
  124  8:30  Forge  
  124  8:33  Gateway  
  124  8:36  Gateway  
  124  8:37  Zealot  
  124  8:38  Zealot  
  126  8:42  Fleet Beacon, Pylon  
  126  8:43  High Templar  
  128  8:48  Nexus  
  128  8:51  Pylon  
  128  8:53  High Templar  
  128  8:54  Zealot x2  
  134  9:01  Probe  
  134  9:03  High Templar  
  134  9:06  Protoss Ground Weapons Level 1 (Chrono Boost)  
  134  9:07  Photon Cannon  
  134  9:09  Photon Cannon  
  136  9:12  Photon Cannon x2  
  136  9:14  Shield Battery  
  136  9:16  Photon Cannon  
  136  9:19  Photon Cannon  
  136  9:21  Pylon  
  136  9:22  Photon Cannon  
  142  9:32  Carrier (Chrono Boost)  
  142  9:38  Carrier (Chrono Boost)  
  146  9:40  Shield Battery  
  146  9:44  Carrier (Chrono Boost)  
  140  9:57  Assimilator, Probe x2  
  142  10:02  Assimilator  
  142  10:06  Robotics Facility  
  142  10:09  Photon Cannon  
  142  10:14  Probe x4  
  144  10:17  Carrier (Chrono Boost)  
  152  10:26  Probe  
  153  10:29  Probe  
  153  10:31  Protoss Air Weapons Level 2 (Chrono Boost), Pylon  
  154  10:39  Carrier (Chrono Boost)  
  166  10:50  Carrier (Chrono Boost)  
  166  10:51  Photon Cannon  
  166  10:53  Observer (Chrono Boost)  
  167  11:05  Pylon  
  167  11:07  Photon Cannon, Shield Battery  
  173  11:11  Observer  
  173  11:16  Carrier (Chrono Boost)  
  174  11:25  Carrier (Chrono Boost)  
  174  11:29  Protoss Shields Level 1  
  180  11:42  Photon Cannon  
  180  11:44  Photon Cannon  
  180  11:46  Photon Cannon  
  180  11:47  Pylon  
  180  11:48  High Templar x2  
  180  11:49  Photon Cannon, Zealot  
  180  11:50  Zealot  
  188  11:54  Pylon  
  188  11:57  Archon, Pylon  
  176  12:17  High Templar x4  
  176  12:18  Zealot x2  
  186  12:23  Archon  
  168  12:35  Zealot x2  
  168  12:38  Carrier x3  
  184  13:02  Pylon  
  184  13:04  Nexus  
  180  13:07  Protoss Air Weapons Level 3 (Chrono Boost)  
  148  13:28  High Templar x4  
  148  13:31  Observer  
  157  13:39  Pylon  
  157  13:41  Photon Cannon  
  157  13:42  Photon Cannon, Carrier, Void Ray  
  157  13:43  Void Ray  
  157  13:45  Shield Battery  
  163  13:54  Observer (Chrono Boost)  
  170  14:05  Zealot  
  170  14:08  Observer (Chrono Boost)  
  172  14:11  Photon Cannon x2  
  172  14:14  High Templar x2  
  177  14:20  Archon  
  177  14:22  Stalker  
  179  14:34  Oracle  
  179  14:35  Zealot  
  179  14:36  Zealot x2  
  188  14:51  Anion Pulse-Crystals  
  188  14:52  Probe x2  
  190  14:54  Assimilator  
  190  14:55  Assimilator  
  190  14:56  Pylon  
Show
View Real Time Build Order
Export as new Build Order

Lambo Zerg 

Build Orders: Hatch First, Brood Lord Corruptor 

Get SALT Encoding   

  12  0:00  Drone  
  13  0:13  Overlord  
  13  0:17  Drone  
  14  0:31  Drone x2  
  16  0:50  Hatchery  
  16  0:52  Drone  
  16  0:56  Drone  
  17  1:01  Drone  
  18  1:14  Spawning Pool  
  18  1:18  Extractor  
  16  1:19  Drone  
  16  1:22  Drone  
  18  1:30  Drone  
  19  1:39  Drone  
  20  1:53  Overlord  
  20  2:01  Queen x2  
  20  2:02  Zergling x2  
  20  2:03  Zergling x2  
  26  2:12  Drone  
  26  2:13  Drone  
  28  2:23  Drone  
  28  2:24  Metabolic Boost  
  28  2:28  Drone  
  30  2:40  Hatchery  
  30  2:42  Drone  
  30  2:46  Drone  
  30  2:48  Drone  
  30  2:51  Overlord  
  32  3:00  Queen  
  32  3:02  Drone  
  32  3:04  Drone  
  36  3:10  Drone x2  
  38  3:14  Drone x2  
  38  3:15  Overlord  
  40  3:20  Drone  
  40  3:24  Queen  
  43  3:27  Drone  
  44  3:35  Drone x2  
  44  3:36  Queen  
  48  3:42  Drone x2  
  48  3:44  Overlord  
  48  3:46  Drone x2  
  52  3:52  Overlord  
  52  3:54  Drone  
  53  3:56  Queen  
  53  3:59  Overlord  
  53  4:01  Drone  
  56  4:08  Lair, Drone  
  57  4:13  Overlord  
  57  4:15  Drone x3  
  60  4:20  Drone x2  
  60  4:21  Extractor x2  
  60  4:22  Drone  
  61  4:24  Drone  
  61  4:27  Overlord  
  61  4:28  Drone  
  63  4:32  Zergling x4  
  63  4:36  Drone x2  
  66  4:41  Drone x3  
  66  4:42  Drone  
  70  4:47  Drone  
  70  4:48  Drone, Evolution Chamber  
  70  4:49  Drone x3  
  70  4:50  Drone  
  70  4:51  Drone  
  76  4:53  Queen  
  76  4:55  Drone  
  76  4:56  Drone  
  76  4:59  Drone  
  81  5:00  Drone  
  81  5:06  Hydralisk Den, Overlord  
  81  5:10  Drone x2, Extractor  
  81  5:12  Extractor x2  
  81  5:13  Spore Crawler  
  79  5:14  Overlord  
  79  5:16  Drone x3  
  79  5:17  Drone  
  79  5:19  Drone  
  79  5:20  Zerg Missile Weapons Level 1  
  84  5:22  Drone  
  84  5:23  Drone  
  84  5:26  Spore Crawler  
  85  5:28  Drone x2  
  87  5:37  Spore Crawler, Hydralisk  
  87  5:38  Hydralisk x4  
  87  5:40  Spore Crawler  
  87  5:41  Hydralisk  
  97  5:49  Hydralisk x2  
  99  5:53  Hydralisk  
  103  6:04  Overseer  
  103  6:07  Muscular Augments, Hydralisk  
  104  6:13  Drone x2  
  104  6:15  Drone x2  
  106  6:19  Infestation Pit  
  106  6:23  Hydralisk x3  
  106  6:24  Zergling x2  
  102  6:26  Hydralisk  
  102  6:29  Hydralisk  
  102  6:30  Zergling x2  
  103  6:35  Overlord x6  
  103  6:45  Overlord  
  103  6:51  Hatchery  
  103  6:52  Overlord  
  103  6:53  Drone x4  
  105  6:58  Infestor  
  105  6:59  Hydralisk  
  109  7:02  Hydralisk x2  
  109  7:06  Hydralisk  
  114  7:09  Pneumatized Carapace  
  114  7:10  Hydralisk  
  115  7:18  Hydralisk x5  
  125  7:23  Hydralisk  
  125  7:28  Spore Crawler  
  126  7:30  Drone x2  
  126  7:34  Drone  
  122  7:40  Spore Crawler  
  122  7:41  Drone x2  
  122  7:43  Drone x4, Zerg Missile Weapons Level 2  
  127  7:46  Evolution Chamber  
  127  7:48  Drone  
  127  7:49  Drone x3  
  130  7:53  Drone  
  131  7:59  Drone x2  
  131  8:02  Drone  
  134  8:08  Grooved Spines  
  134  8:11  Drone x3  
  137  8:13  Spore Crawler x2  
  137  8:15  Drone x4  
  137  8:16  Hive  
  137  8:19  Drone x2  
  136  8:20  Drone  
  136  8:25  Drone x4  
  136  8:27  Hydralisk  
  141  8:31  Baneling Nest  
  141  8:32  Hydralisk x4  
  148  8:36  Drone, Spore Crawler  
  146  8:42  Spire, Hydralisk x2  
  146  8:43  Drone  
  146  8:44  Drone  
  146  8:48  Drone  
  152  8:51  Overlord  
  152  8:53  Zerg Ground Armor Level 1, Overlord  
  152  8:55  Overlord  
  152  8:56  Overlord  
  152  9:00  Overlord  
  152  9:01  Extractor x2  
  149  9:03  Overlord  
  149  9:11  Drone x4  
  153  9:21  Drone x3  
  153  9:23  Zergling x24  
  168  9:38  Spore Crawler, Hatchery  
  167  9:44  Zergling x30  
  181  9:48  Overlord  
  181  9:52  Overseer  
  180  9:55  Greater Spire  
  180  10:04  Spine Crawler  
  180  10:05  Drone x3, Spine Crawler  
  180  10:06  Spine Crawler  
  180  10:07  Drone  
  181  10:25  Corruptor x2  
  181  10:26  Corruptor x4  
  181  10:28  Corruptor  
  195  10:38  Overseer x2  
  195  10:41  Extractor, Zerg Missile Weapons Level 3  
  195  10:42  Extractor  
  193  10:47  Spine Crawler  
  193  10:48  Drone x5  
  193  10:49  Drone  
  198  10:57  Spine Crawler  
  198  10:58  Spine Crawler  
  195  11:14  Brood Lord x2  
  195  11:15  Brood Lord  
  195  11:17  Brood Lord  
  197  11:20  Brood Lord  
  197  11:25  Brood Lord x2  
  193  11:26  Corruptor x3  
  193  11:29  Zerg Flyer Weapons Level 1  
  198  11:36  Baneling x10  
  198  11:41  Baneling x3  
  198  11:42  Baneling  
  198  11:46  Spire  
  197  11:47  Spine Crawler  
  197  11:49  Corruptor  
  197  12:07  Hydralisk x8  
  189  12:13  Hydralisk  
  188  12:22  Hydralisk x3  
  189  12:24  Hydralisk  
  189  12:26  Hydralisk  
  189  12:27  Hydralisk x4  
  170  12:30  Corruptor x9  
  170  12:34  Queen x3  
  170  12:35  Lair  
  166  12:42  Hydralisk x4  
  166  12:43  Zergling x16  
  172  12:49  Corruptor x2  
  174  12:52  Baneling x3, Zergling x2  
  174  12:53  Zergling x2  
  174  12:57  Hydralisk x2  
  180  12:59  Corruptor  
  179  13:07  Hydralisk x2  
  179  13:08  Hydralisk x2  
  179  13:10  Hydralisk  
  173  13:18  Hydralisk x5  
  170  13:24  Corruptor  
  159  13:28  Drone x6  
  159  13:31  Zerg Flyer Armor Level 1  
  159  13:33  Corruptor  
  167  13:38  Corruptor  
  169  13:47  Spore Crawler  
  168  13:49  Spore Crawler  
  168  13:50  Spore Crawler  
  166  13:56  Spore Crawler, Corruptor x2  
  169  14:03  Corruptor x3  
  175  14:13  Brood Lord  
  175  14:16  Brood Lord  
  179  14:17  Overlord  
  179  14:22  Queen  
  181  14:35  Queen x2  
  185  14:39  Spore Crawler, Brood Lord  
  185  14:40  Spore Crawler  
  185  14:42  Spore Crawler  
  185  14:43  Spore Crawler  
  185  14:44  Spore Crawler x2  
  181  14:46  Brood Lord x2  
  181  14:51  Pathogen Glands  
  185  14:54  Brood Lord  
  185  14:56  Corruptor  
  185  14:58  Drone  
  189  15:03  Drone x2  
  189  15:07  Spore Crawler, Spine Crawler  
  189  15:08  Spore Crawler  
  186  15:18  Corruptor x2  
Tags
 
Add a new tag
Caveats
  • Supply blocks, unpowered buildings, or Contaminate may cause inaccurate times.
  • Supply counts are checked every 10 seconds.